 Dungeon Crawl Stone Soup version 0.24-a0-652-g46ecf6da75 (webtiles) character file.

Game seed: 5178642188075321039, levelgen mode: deterministic

35 Argons the Grasshopper (level 3, 17/17 HPs)
             Began as a Felid Warper on Sept 25, 2019.
             Quit the game on level 4 of the Dungeon on Sept 26, 2019.
             The game lasted 00:19:25 (4142 turns).

Argons the Grasshopper (Felid Warper)               Turns: 4142, Time: 00:19:26

Health: 17/17      AC:  1    Str:  7    XL:     3   Next: 16%
Magic:  7/7        EV: 19    Int: 14    God:
Gold:   172        SH:  0    Dex: 19    Spells: 4/6 levels left
                                        Lives:  0   Deaths: 1

rFire    . . .     SeeInvis +     - Unarmed
rCold    . . .     Gourm    .   (shield unavailable)
rNeg     . . .     Faith    .   (armour unavailable)
rPois    .         Spirit   .   (helmet unavailable)
rElec    .         Reflect  .   (cloak unavailable)
rCorr    .         Harm     .   (gloves unavailable)
MR       .....                  (boots unavailable)
Stlth    +++.......             (no amulet)
HPRegen  0.05/turn              (no ring)
MPRegen  0.10/turn              p - +3 ring of dexterity

@: quick
A: very small, no armour, no weapons or thrown items, stealth, claws 1, fangs 3,
see invisible, carnivore, speed 1, shaggy fur 1, slow metabolism 1, sharp paws
a: no special abilities


You were on level 4 of the Dungeon.
You were not hungry.

You visited 1 branch of the dungeon, and saw 4 of its levels.

You collected 172 gold pieces.

Inventory:

Jewellery
 p - a +3 ring of dexterity (right paw)
Scrolls
 b - 2 scrolls of blinking
 o - 2 scrolls of remove curse
 r - a scroll of fog
Potions
 a - 2 potions of flight
 d - 3 potions of heal wounds
 e - 3 potions of might
 i - a potion of lignification {unknown}
 k - a potion of haste
 l - 2 potions of invisibility
 n - a potion of mutation {unknown}
Comestibles
 c - 6 rations


   Skills:
 + Level 3.0 Fighting
 - Level 3.2 Dodging
 + Level 3.1 Stealth
 + Level 3.0 Unarmed Combat
 - Level 2.0 Spellcasting
 - Level 4.4 Translocations


You had 4 spell levels left.
You knew the following spells:

 Your Spells              Type           Power        Failure   Level  Hunger
a - Shroud of Golubria    Chrm/Tloc      #.....       14%         2    ###....

Your spell library contained the following spells:

 Spells                   Type           Power        Failure   Level  Hunger
 Blink                    Tloc           N/A          6%          2    ###....
 Gell's Gravitas          Tloc           ##........   12%         3    ####...
 Lesser Beckoning         Tloc           ##........   12%         3    ####...
 Teleport Other           Tloc           ##......     12%         3    ####...
 Confusing Touch          Hex            #.....       24%         1    ##.....
 Passage of Golubria      Tloc           N/A          36%         4    #####..
 Confuse                  Hex            #.......     56%         3    ####...
 Petrify                  Tmut/Erth      #.......     93%         4    #####..
 Metabolic Englaciation   Hex/Ice        #.........   100%        5    ######.
 Yara's Violent Unravell  Hex/Tmut       #.........   100%        5    ######.


Dungeon Overview and Level Annotations

Branches:
Dungeon (4/15)
 Temple: D:4-7

Altars:

Shops:
D:4 (

Annotations:
D:4 1 transporter


Innate Abilities, Weirdness & Mutations

You cannot wear armour.
You are incapable of wielding weapons or throwing items.
Your paws allow you to move quietly. (Stealth)
You have sharp claws.
You have razor-sharp teeth.
You have supernaturally acute eyesight. (SInv)
You are carnivorous and can eat meat at any time.
You cover ground quickly.
You are covered in fur. (AC +1)
You have a slow metabolism.
Your sharp claws are effective at attacking unaware monsters.


Message History

You barely miss the worker ant. Your bite misses the worker ant.
The worker ant is heavily wounded.
You feel sick. The worker ant closely misses you.
You completely miss the worker ant.
The worker ant is heavily wounded.
The worker ant completely misses you.
You scratch the worker ant but do no damage.
The worker ant is heavily wounded.
The worker ant completely misses you.
You scratch the worker ant. Your claw misses the worker ant.
The worker ant is severely wounded.
You scratch the worker ant.
The worker ant is almost dead.
You feel sick. The worker ant bites you!
You die...
You are more poisoned.
The worker ant poisons you!
You are now level 3!
You rejoin the land of the living...
Are you sure you want to abandon this character and quit the game? (Confirm with "yes".)

##......## ##.........
#.......... #..........
.#○○...°.# #..........
.#.○#.#○○# #..........
.#.°.!.☼○# ###..........
.#°°#©#.○###....@......#
.#°°°°.○.#...#..........
.#○○○°°.°#.# #........$.
.#########.###..........
.....©.....÷............
.........#####...∩......
###...#### ##........#
##### ##......## #######


There were no monsters in sight!

Vanquished Creatures
  An adder (D:2)
  A shadow imp (D:4)
  An ooze (D:1)
  2 dart slugs (D:1)
  A leopard gecko (D:3)
  2 orcs
  4 ball pythons
  7 goblins
  9 hobgoblins
  7 bats
  3 frilled lizards
  6 kobolds
  5 rats
49 creatures vanquished.

Notes
Turn   | Place    | Note
-------+----------+-------------------------------------------
     0 | D:1      | Argons the Felid Warper began the quest for the Orb.
     0 | D:1      | Reached XP level 1. HP: 9/9 MP: 4/4
   531 | D:1      | Reached skill level 1 in Stealth
   701 | D:1      | Reached XP level 2. HP: 12/13 MP: 6/6
   714 | D:1      | Learned a level 2 spell: Shroud of Golubria
  1629 | D:1      | Reached XP level 3. HP: 14/16 MP: 7/7
  1875 | D:2      | Upgraded the game from 0.24-a0-640-ge7cd8ce796 to
                  | 0.24-a0-652-g46ecf6da75
  3292 | D:4      | Found a transporter.
  3304 | D:4      | Found Hilupa's Weapon Boutique.
  3322 | D:4      | Reached XP level 4. HP: 20/20 MP: 8/8
  4141 | D:4      | Slain by a worker ant
  4142 | D:4      | Reached XP level 3. HP: 0/17 MP: 7/7
  4142 | D:4      | Quit the game

Levels and vault maps discovered:
D:1:      psy_arrival_conway, layout_basic
D:2:      layout_rooms
D:3:      layout_loops_corners
D:4:      gammafunk_cloud_chamber, layout_rooms, minitemple, serial_shops, shop

Skill      XL: |  1  2  3  4 |
---------------+-------------+-----
Stealth        | 1 2 3 |  3.1
Fighting       | 3 |  3.0
Unarmed Combat | 3 |  3.0
Dodging        | |  3.2
Spellcasting   | |  2.0
Translocations | |  4.4

Action                   |  1- 3 |  4- 6 || total
-------------------------+-------+-------++-------
Melee: Unarmed           |   142 |    34 ||   176
       Bite              |    16 |     2 ||    18
       Punch             |     1 |       ||     1
 Cast: Shroud of Golubri |     6 |     3 ||     9
  Use: Scroll            |     8 |     7 ||    15
       Potion            |       |     2 ||     2
 Stab: Sleeping          |     8 |       ||     8
  Eat: Chunk             |    12 |     1 ||    13
Armor: Skin              |    10 |     1 ||    11
Dodge: Dodged            |    78 |    22 ||   100

Table legend:
 A = Non-vault XP
 B = Vault XP
 C = Vault XP percentage of total XP
 D = Non-vault monster count
 E = Vault monster count
 F = Vault count percentage of total count
                 A         B        C        D         E       F
            +---------+---------+-------+---------+---------+-------
      Total |     113 |       0 |   0.0 |      49 |       0 |   0.0
            +---------+---------+-------+---------+---------+-------
        D:1 |      44 |       0 |   0.0 |      22 |       0 |   0.0
        D:2 |      29 |       0 |   0.0 |       9 |       0 |   0.0
        D:3 |      28 |       0 |   0.0 |      16 |       0 |   0.0
        D:4 |      12 |       0 |   0.0 |       2 |       0 |   0.0
            +---------+---------+-------+---------+---------+-------
